[ PARTIDA AOE2 · #494573916 ]
UnrankedBohemios vs Teutons
Equipo del jugador · VICT
Equipo rival · DERR
[ ANÁLISIS DE REPETICIÓN · EXTRAÍDO DE LA PARTIDA GRABADA ]
Feudal
11:21
Castillos
15:25
Imperial
—
| APM promedio | 47.3 |
| APM pico | 111 |
| eAPM promedio | 25.6 |
| Aldeanos / militares | 81 / 20 |
Foco
⚔️ 23.8% · 🌾 76.2%
Monk ×6 · Mangonel ×6 · Hussite Wagon ×5 · Battering Ram ×3
Feudal
9:18
Castillos
20:53
Imperial
—
| APM promedio | 46.0 |
| APM pico | 83 |
| eAPM promedio | 15.8 |
| Aldeanos / militares | 60 / 20 |
Foco
⚔️ 22.6% · 🌾 77.4%
Knight ×15 · Monk ×5
Mapa de la partida
Recursos iniciales + cada clic de construcción. Líneas = muros · curvas = relieve. ◆ oro · ⬟ piedra · ● bayas · ✦ reliquia · ◌ hueco del cierre
Tu base· ✓ Cerrada en 15:25 · 31t muro · 3 puerta(s)
Base de Cegisaurio [GiGi]· ✓ Cerrada en 20:53 · 7t muro · 2 puerta(s)
Terreno inicial suavizado · ◌ = hueco del cierre detectado · pasá el cursor para detalles
Inputs por minuto
— JanChess - - Cegisaurio [GiGi]
Build order — JanChess
Primeras 150 de 189 acciones detectadas
| 0:01 | Crear | Villager (Male) |
| 0:01 | Crear | Villager (Male) |
| 0:01 | Crear | Villager (Male) |
| 0:02 | Crear | Villager (Male) |
| 0:02 | Crear | Villager (Male) |
| 0:03 | Construir | House |
| 0:05 | Construir | House |
| 1:30 | Crear | Villager (Male) |
| 1:31 | Crear | Villager (Male) |
| 1:41 | Crear | Villager (Male) |
| 1:42 | Crear | Villager (Male) |
| 1:53 | Construir | Lumber Camp |
| 1:59 | Crear | Villager (Male) |
| 2:25 | Construir | House |
| 2:27 | Construir | House |
| 2:52 | Crear | Villager (Male) |
| 2:53 | Crear | Villager (Male) |
| 2:53 | Crear | Villager (Male) |
| 2:53 | Crear | Villager (Male) |
| 3:33 | Crear | Villager (Male) |
| 3:33 | Crear | Villager (Male) |
| 3:42 | Crear | Villager (Male) |
| 3:42 | Crear | Villager (Male) |
| 4:04 | Crear | Villager (Male) |
| 4:50 | Crear | Villager (Male) |
| 4:51 | Crear | Villager (Male) |
| 4:51 | Crear | Villager (Male) |
| 4:51 | Crear | Villager (Male) |
| 4:55 | Crear | Villager (Male) |
| 4:56 | Crear | Villager (Male) |
| 4:56 | Crear | Villager (Male) |
| 5:16 | Crear | Villager (Male) |
| 5:16 | Crear | Villager (Male) |
| 5:16 | Crear | Villager (Male) |
| 5:36 | Construir | Mill |
| 6:18 | Crear | Villager (Male) |
| 6:18 | Crear | Villager (Male) |
| 6:18 | Crear | Villager (Male) |
| 6:18 | Crear | Villager (Male) |
| 6:27 | Crear | Villager (Male) |
| 6:28 | Crear | Villager (Male) |
| 6:48 | Crear | Villager (Male) |
| 6:56 | Crear | Villager (Male) |
| 6:56 | Crear | Villager (Male) |
| 7:03 | Construir | Lumber Camp |
| 7:43 | Construir | Farm |
| 7:49 | Construir | House |
| 8:24 | Construir | Farm |
| 8:35 | Construir | Mining Camp |
| 8:58 | Investigar | Feudal Age |
| 9:01 | Construir | Mining Camp |
| 9:27 | Investigar | Loom |
| 9:28 | Crear | Villager (Male) |
| 9:46 | Construir | Palisade Wall |
| 9:47 | Construir | Palisade Wall |
| 9:50 | Construir | Palisade Wall |
| 9:57 | Construir | Palisade Wall |
| 9:58 | Construir | Palisade Wall |
| 10:01 | Construir | Palisade Wall |
| 10:05 | Construir | Palisade Wall |
| 10:07 | Construir | Palisade Wall |
| 11:21 | Edad | Edad Feudal |
| 11:50 | Construir | Market |
| 11:53 | Construir | Blacksmith |
| 12:07 | Construir | Palisade Wall |
| 12:08 | Construir | Palisade Wall |
| 12:16 | Crear | Villager (Male) |
| 12:45 | Investigar | Castle Age |
| 13:12 | Construir | House |
| 13:23 | Investigar | Double-Bit Axe |
| 13:23 | Investigar | Double-Bit Axe |
| 13:48 | Crear | Villager (Male) |
| 14:30 | Investigar | Horse Collar |
| 15:25 | Edad | Edad de los Castillos |
| 15:30 | Construir | Castle |
| 15:34 | Construir | Mill |
| 15:35 | Construir | Farm |
| 15:36 | Construir | Farm |
| 15:36 | Construir | Farm |
| 15:36 | Construir | Farm |
| 15:36 | Construir | Farm |
| 16:06 | Crear | Villager (Male) |
| 16:14 | Investigar | Fletching |
| 16:16 | Crear | Villager (Male) |
| 16:16 | Crear | Villager (Male) |
| 16:37 | Crear | Villager (Male) |
| 16:37 | Crear | Villager (Male) |
| 16:47 | Construir | House |
| 17:11 | Crear | Villager (Male) |
| 17:21 | Construir | Siege Workshop |
| 17:31 | Crear | Villager (Male) |
| 17:31 | Crear | Villager (Male) |
| 17:50 | Crear | Villager (Male) |
| 17:51 | Crear | Villager (Male) |
| 17:55 | Construir | Palisade Wall |
| 17:57 | Construir | Palisade Wall |
| 18:02 | Crear | Mangonel |
| 18:06 | Crear | Battering Ram |
| 18:07 | Crear | Battering Ram |
| 18:11 | Crear | Hussite Wagon |
| 18:11 | Crear | Hussite Wagon |
| 18:31 | Crear | Villager (Male) |
| 18:39 | Crear | Villager (Male) |
| 18:40 | Crear | Villager (Male) |
| 18:45 | Construir | House |
| 18:47 | Construir | House |
| 19:00 | Crear | Hussite Wagon |
| 19:01 | Crear | Hussite Wagon |
| 19:24 | Crear | Battering Ram |
| 19:31 | Construir | Farm |
| 20:04 | Crear | Hussite Wagon |
| 20:37 | Construir | Stone Wall |
| 20:48 | Crear | Mangonel |
| 20:48 | Crear | Mangonel |
| 20:51 | Crear | Villager (Male) |
| 20:51 | Crear | Villager (Male) |
| 20:52 | Crear | Villager (Male) |
| 20:52 | Crear | Villager (Male) |
| 20:52 | Crear | Villager (Male) |
| 20:52 | Crear | Villager (Male) |
| 20:52 | Crear | Villager (Male) |
| 21:10 | Crear | Mangonel |
| 21:11 | Crear | Mangonel |
| 21:40 | Crear | Mangonel |
| 22:06 | Crear | Villager (Male) |
| 22:14 | Construir | Town Center |
| 22:16 | Investigar | Bow Saw |
| 22:16 | Investigar | Bow Saw |
| 22:32 | Construir | Monastery |
| 22:37 | Crear | Villager (Male) |
| 22:38 | Crear | Villager (Male) |
| 22:38 | Crear | Villager (Male) |
| 23:16 | Crear | Villager (Male) |
| 23:31 | Construir | House |
| 23:32 | Construir | House |
| 23:34 | Crear | Monk |
| 23:34 | Crear | Monk |
| 23:48 | Crear | Villager (Male) |
| 23:48 | Crear | Villager (Male) |
| 23:49 | Crear | Villager (Male) |
| 23:53 | Construir | Farm |
| 23:54 | Construir | Farm |
| 23:54 | Construir | Farm |
| 23:54 | Construir | Farm |
| 23:55 | Construir | Farm |
| 23:55 | Construir | Farm |
| 23:55 | Construir | Farm |
| 23:55 | Construir | Farm |
| 23:55 | Construir | Farm |
| 23:55 | Construir | Farm |
Build order — Cegisaurio [GiGi]
Primeras 150 de 152 acciones detectadas
| 0:00 | Crear | Villager (Male) |
| 0:00 | Crear | Villager (Male) |
| 0:01 | Crear | Villager (Male) |
| 0:01 | Crear | Villager (Male) |
| 0:02 | Construir | House |
| 0:03 | Construir | House |
| 1:23 | Crear | Villager (Male) |
| 1:52 | Crear | Villager (Male) |
| 1:53 | Construir | Lumber Camp |
| 2:14 | Crear | Villager (Male) |
| 2:14 | Crear | Villager (Male) |
| 2:46 | Crear | Villager (Male) |
| 3:09 | Crear | Villager (Male) |
| 3:25 | Construir | House |
| 3:48 | Crear | Villager (Male) |
| 4:12 | Crear | Villager (Male) |
| 4:31 | Crear | Villager (Male) |
| 4:47 | Crear | Villager (Male) |
| 5:12 | Construir | Mill |
| 5:19 | Crear | Villager (Male) |
| 5:21 | Crear | Villager (Male) |
| 5:52 | Crear | Villager (Male) |
| 5:53 | Investigar | Loom |
| 6:49 | Construir | House |
| 6:56 | Investigar | Feudal Age |
| 7:17 | Construir | Mining Camp |
| 7:50 | Construir | Palisade Wall |
| 9:18 | Edad | Edad Feudal |
| 9:20 | Construir | Watch Tower |
| 9:24 | Crear | Villager (Male) |
| 9:27 | Investigar | Double-Bit Axe |
| 9:28 | Investigar | Horse Collar |
| 9:29 | Crear | Villager (Male) |
| 9:35 | Construir | House |
| 10:04 | Crear | Villager (Male) |
| 10:34 | Crear | Villager (Male) |
| 10:48 | Crear | Villager (Male) |
| 10:55 | Construir | Farm |
| 11:11 | Crear | Villager (Male) |
| 11:37 | Construir | Watch Tower |
| 11:50 | Crear | Villager (Male) |
| 11:56 | Crear | Villager (Male) |
| 11:59 | Construir | Farm |
| 12:02 | Construir | Farm |
| 12:03 | Crear | Villager (Male) |
| 12:03 | Investigar | Wheelbarrow |
| 12:06 | Construir | House |
| 12:06 | Construir | Blacksmith |
| 12:12 | Crear | Villager (Male) |
| 12:19 | Construir | Blacksmith |
| 12:36 | Crear | Villager (Male) |
| 12:41 | Construir | Farm |
| 12:49 | Crear | Villager (Male) |
| 12:54 | Construir | House |
| 13:09 | Construir | House |
| 13:15 | Crear | Villager (Male) |
| 13:20 | Construir | Farm |
| 13:40 | Construir | Watch Tower |
| 13:51 | Crear | Villager (Male) |
| 13:53 | Investigar | Fletching |
| 14:04 | Construir | Mining Camp |
| 14:07 | Construir | Farm |
| 14:11 | Crear | Villager (Male) |
| 14:15 | Construir | House |
| 14:29 | Construir | Palisade Wall |
| 14:30 | Construir | Palisade Wall |
| 14:31 | Construir | Palisade Wall |
| 14:32 | Construir | Palisade Wall |
| 14:33 | Construir | Palisade Wall |
| 14:34 | Construir | Palisade Wall |
| 14:38 | Crear | Villager (Male) |
| 14:55 | Crear | Villager (Male) |
| 15:02 | Construir | Farm |
| 15:24 | Construir | Farm |
| 15:25 | Construir | Farm |
| 15:49 | Construir | Outpost |
| 15:50 | Construir | Outpost |
| 16:00 | Crear | Villager (Male) |
| 16:16 | Construir | Market |
| 16:29 | Crear | Villager (Male) |
| 16:36 | Construir | Farm |
| 16:58 | Crear | Villager (Male) |
| 17:17 | Crear | Villager (Male) |
| 17:31 | Crear | Villager (Male) |
| 17:56 | Construir | Farm |
| 18:01 | Construir | Barracks |
| 18:08 | Investigar | Castle Age |
| 18:33 | Construir | Farm |
| 18:36 | Construir | Farm |
| 18:44 | Construir | Outpost |
| 19:02 | Construir | Farm |
| 19:38 | Construir | Farm |
| 19:39 | Construir | Farm |
| 20:11 | Crear | Villager (Male) |
| 20:17 | Construir | Stable |
| 20:25 | Investigar | Scale Barding Armor |
| 20:38 | Crear | Villager (Male) |
| 20:42 | Construir | Stable |
| 20:46 | Investigar | Forging |
| 20:53 | Edad | Edad de los Castillos |
| 21:03 | Crear | Knight |
| 21:04 | Crear | Knight |
| 21:07 | Crear | Villager (Male) |
| 21:33 | Crear | Villager (Male) |
| 21:41 | Crear | Knight |
| 21:41 | Crear | Knight |
| 21:42 | Crear | Knight |
| 21:55 | Crear | Villager (Male) |
| 22:04 | Investigar | Chain Barding Armor |
| 22:04 | Crear | Villager (Male) |
| 22:06 | Construir | Monastery |
| 22:12 | Construir | House |
| 22:30 | Crear | Knight |
| 22:30 | Crear | Knight |
| 22:56 | Crear | Villager (Male) |
| 23:00 | Crear | Monk |
| 23:05 | Construir | Mining Camp |
| 23:11 | Crear | Villager (Male) |
| 23:15 | Investigar | Bloodlines |
| 23:19 | Crear | Monk |
| 23:20 | Crear | Villager (Male) |
| 23:26 | Construir | Farm |
| 23:36 | Crear | Knight |
| 23:36 | Crear | Knight |
| 23:43 | Crear | Villager (Male) |
| 23:44 | Construir | House |
| 24:02 | Crear | Villager (Male) |
| 24:05 | Construir | Farm |
| 24:09 | Construir | House |
| 24:29 | Crear | Villager (Male) |
| 24:35 | Crear | Villager (Male) |
| 24:41 | Investigar | Devotion |
| 24:57 | Crear | Villager (Male) |
| 25:01 | Crear | Knight |
| 25:01 | Crear | Knight |
| 25:03 | Construir | House |
| 25:05 | Construir | House |
| 25:24 | Crear | Knight |
| 25:25 | Crear | Knight |
| 25:55 | Investigar | Redemption |
| 25:59 | Crear | Villager (Male) |
| 26:08 | Crear | Villager (Male) |
| 26:25 | Crear | Villager (Male) |
| 26:32 | Crear | Villager (Male) |
| 26:40 | Crear | Knight |
| 26:40 | Crear | Knight |
| 26:56 | Crear | Villager (Male) |
| 27:10 | Crear | Monk |
| 27:51 | Crear | Villager (Male) |
| 27:54 | Crear | Monk |
Cronología de la partida
| 7:50 | Cegisaurio [GiGi] · wall_segment Palisade Wall x1 |
| 9:18 | Cegisaurio [GiGi] · age_up feudal |
| 9:46 | JanChess · wall_segment Palisade Wall x1 |
| 9:47 | JanChess · wall_segment Palisade Wall x1 |
| 9:50 | JanChess · wall_segment Palisade Wall x11 |
| 9:57 | JanChess · wall_segment Palisade Wall x1 |
| 9:58 | JanChess · wall_segment Palisade Wall x4 |
| 10:01 | JanChess · wall_segment Palisade Wall x9 |
| 10:05 | JanChess · wall_segment Palisade Wall x1 |
| 10:07 | JanChess · wall_segment Palisade Wall x1 |
| 11:21 | JanChess · age_up feudal |
| 12:07 | JanChess · wall_segment Palisade Wall x1 |
| 12:08 | JanChess · wall_segment Palisade Wall x1 |
| 12:31 | JanChess · first_market_sell 100 wood |
| 12:33 | JanChess · first_market_buy 100 food |
| 14:29 | Cegisaurio [GiGi] · wall_segment Palisade Wall x1 |
| 14:30 | Cegisaurio [GiGi] · wall_segment Palisade Wall x1 |
| 14:31 | Cegisaurio [GiGi] · wall_segment Palisade Wall x1 |
| 14:32 | Cegisaurio [GiGi] · wall_segment Palisade Wall x1 |
| 14:33 | Cegisaurio [GiGi] · wall_segment Palisade Wall x1 |
| 14:34 | Cegisaurio [GiGi] · wall_segment Palisade Wall x1 |
| 15:25 | JanChess · age_up castle |
| 15:30 | JanChess · first_building Castle |
| 17:21 | JanChess · first_building Siege Workshop |
| 17:55 | JanChess · wall_segment Palisade Wall x1 |
| 17:57 | JanChess · wall_segment Palisade Wall x1 |
| 18:01 | Cegisaurio [GiGi] · first_building Barracks |
| 20:17 | Cegisaurio [GiGi] · first_building Stable |
| 20:37 | JanChess · wall_segment Stone Wall x1 |
| 20:53 | Cegisaurio [GiGi] · age_up castle |
| 22:06 | Cegisaurio [GiGi] · first_building Monastery |
| 22:32 | JanChess · first_building Monastery |
| 25:05 | JanChess · first_building Barracks |
| 25:21 | Cegisaurio [GiGi] · first_market_sell 100 wood |
| 28:46 | Cegisaurio [GiGi] · resign |
[ ANÁLISIS IA · 1 CRÉDITO ]
¿Qué pasó realmente en esta partida?
Wolo.gg analiza cada decisión: build order, eco, micro, errores típicos por bracket. Análisis personalizado por WhatsApp o Discord en 30 segundos.
Guía civ
Bohemios
Perfil
JanChess